 Dungeon Crawl Stone Soup version 0.22-a0-425-g89d60a1 (webtiles) character file.

59734 Drool the Severer (level 14, -22/129 HPs)
             Began as a Minotaur Berserker on May 25, 2018.
             Was a High Priest of Trog.
             Killed from afar by Arachne (42 damage)
             ... with a bolt of poison
             ... on level 2 of the Spider Nest.
             The game lasted 01:17:50 (16280 turns).

Drool the Severer (Minotaur Berserker)             Turns: 16280, Time: 01:17:50

Health: -22/129    AC: 26    Str: 30    XL:     14   Next: 54%
Magic:  27/27      EV:  8    Int:  4    God:    Trog [*****.]
Gold:   1105       SH:  0    Dex: 16    Spells: 13/13 levels left

rFire    . . .     SeeInvis +   b - +2 executioner's axe of a volcano {chop, MR++ MP+9 Dex+4}
rCold    . . .     Gourm    .   (shield currently unavailable)
rNeg     . . .     Faith    .   O - +1 plate armour {MR+}
rPois    .         Spirit   .   x - +1 hat {SInv}
rElec    .         Reflect  +   I - +1 cloak {MR+}
rCorr    +         Harm     .   w - +0 pair of gloves
MR       +++++                  (no boots)
Stlth    ..........             L - +3 amulet of reflection
HPRegen  1.31/turn              u - +4 ring of protection
MPRegen  0.20/turn              k - ring of resist corrosion

@: mighty, lethally poisoned (-22 -> -42), berserk cooldown, very slightly
contaminated, held, regenerating, slowed, invisible, very slow
A: retaliatory headbutt, horns 2
a: Berserk, Trog's Hand, Brothers in Arms, Renounce Religion


You were on level 2 of the Spider Nest.
You worshipped Trog.
Trog was extremely pleased with you.
You were near starving.

You visited 5 branches of the dungeon, and saw 17 of its levels.
You also visited: Volcano.

You collected 1691 gold pieces.
You spent 586 gold pieces at shops.

Inventory:

Hand Weapons
 b - the +2 executioner's axe of a volcano (weapon) {chop, MR++ MP+9 Dex+4}
   (You acquired it on level 2 of the Orcish Mines)

   It inflicts extra damage upon your enemies.
   It affects your dexterity (+4).
   It affects your resistance to hostile enchantments.
   It affects your magic capacity (+9).
 o - a +0 glaive of flaming
 t - a +5 triple sword of holy wrath
 B - a +5 quarterstaff of protection
 F - the +6 executioner's axe of Egomania {distort, Int+2 Dex-4 SInv Stlth+}
   (Trog gifted it to you on level 2 of the Orcish Mines)

   It warps and distorts space around it.
   Unwielding it can cause banishment or high damage.
   It affects your intelligence (+2).
   It affects your dexterity (-4).
   It lets you see invisible.
   It makes you more stealthy.
 H - a +6 flail
 P - a +0 dire flail
 Q - a +1 trident of venom
Armour
 w - a +0 pair of gloves (worn)
 x - a +1 hat of see invisible (worn)
 y - a +0 cloak of invisibility
 I - a +1 cloak of magic resistance (worn)
 O - a +1 plate armour of magic resistance (worn)
Jewellery
 k - a ring of resist corrosion (right hand)
 u - a +4 ring of protection (left hand)
 A - a +3 ring of dexterity
 L - a +3 amulet of reflection (around neck)
Wands
 n - a wand of clouds (6)
 q - a wand of flame (31)
 C - a wand of iceblast (4)
Scrolls
 a - 2 scrolls of magic mapping
 e - 4 scrolls of blinking
 g - a scroll of fog
 i - 5 scrolls of remove curse
 j - 7 scrolls of teleportation
 p - 3 scrolls of enchant armour
 r - a scroll of identify
 J - 2 scrolls of enchant weapon
Potions
 d - a potion of agility
 f - 2 potions of cancellation
 h - 3 potions of magic
 l - 3 potions of might
 m - a potion of resistance {unknown}
 s - a potion of ambrosia
 v - 2 potions of brilliance
 z - 4 potions of flight
 D - a potion of invisibility
 E - a potion of berserk rage
 K - 2 potions of haste
Comestibles
 c - 14 rations


   Skills:
 + Level 13.2 Fighting
 * Level 17.4 Axes
 + Level 12.9 Armour
 + Level 12.0 Dodging
 - Level 7.2 Evocations


You had 13 spell levels left.
You didn't know any spells.
Your spell library contained the following spells:

 Spells                   Type           Power        Failure   Level  Hunger
 Confuse                  Hex            #.......     100%        3    ####...
 Confusing Touch          Hex            #.....       98%         1    ##.....
 Metabolic Englaciation   Hex/Ice        #.........   100%        5    ######.
 Petrify                  Tmut/Erth      #.......     100%        4    #####..
 Gell's Gravitas          Tloc           #.........   100%        3    ####...
 Yara's Violent Unravell  Hex/Tmut       #.........   100%        5    ######.


Dungeon Overview and Level Annotations

Branches:
Dungeon (10/15)            Temple (1/1) D:4            Lair (2/6) D:10
 Spider (2/4) Lair:2          Orc (2/2) D:9             Elf (0/3) Orc:2
  Swamp: Lair:2-4    Shoals: Lair:2-4

Altars:
Ashenzari
Cheibriados
Dithmenos
Elyvilon
Fedhas
Gozag
Hepliaklqana
Kikubaaqudgha
Makhleb
Nemelex Xobeh
Okawaru
Qazlal
Ru
Sif Muna
Trog
Uskayaw
Vehumet
Wu Jian
Xom
Yredelemnul
Zin
The Shining One
Beogh

Shops:
D:9 =   D:10 :   Orc:2 =*(%(!?(

Annotations:
Spider:2 Arachne


Innate Abilities, Weirdness & Mutations

You reflexively headbutt those who attack you in melee.
You have a pair of horns on your head.


Message History

You feel better. The wolf spider hits you!
* * * LOW HITPOINT WARNING * * *
The wolf spider bites you.
* * * LOW HITPOINT WARNING * * *
You are poisoned.
The wolf spider poisons you!
Arachne points her staff at you, shooting a stream of webbing.
The stream of webbing hits you!
You are even more entangled.
Arachne barely misses you. You furiously retaliate!
You headbutt Arachne!!
You don't know any spells.
Your skin crawls.
You feel resistant to hostile enchantments.
You are near starving!
You feel very sick. The jumping spider barely misses you.
You furiously retaliate!
You headbutt the jumping spider!! The jumping spider misses you.
Arachne stares at you and mumbles some strange words.
The bolt of poison hits you!
You are lethally poisoned!
You die...

..#[...# ......# .....##
####....^## .
##..#^.....#..
##...#......... .....##
#...†......^... ......#
##..[††s....... .....#
####.....@H....^.. .....#
#..#.....†s...#... .....#
#.......#.s.......
.....###......###^.......
.....#^#.^....#..........
....##............#......
....#....#...............
.................?......
#..^.)........>.........


You could see Arachne, a wolf spider and 2 jumping spiders.

Vanquished Creatures
  Gastronok (Lair:2)
  2 entropy weavers (Spider:1)
  Josephine (Orc:2)
  Erolcha (D:9)
  2 hydras (Lair:2)
  6 two-headed ogres
  The ghost of grandjackal the Fighter, a novice DsGl of Kikubaaqudgha (D:9)
  An orc high priest (Orc:1)
  A fire crab (Volcano)
  A lindwurm (Volcano)
  4 orc sorcerers (Orc:2)
  4 orb spiders
  2 orc knights
  3 oklob plants
  7 wolf spiders
  A moth of wrath (Spider:1)
  2 black mambas (Lair:1)
  Joseph (D:7)
  A centaur skeleton (D:10)
  4 spiny frogs
  2 rime drakes (Lair:1)
  3 komodo dragons (Lair:2)
  6 demonic crawlers
  10 jumping spiders
  A merfolk (D:9)
  2 hornets (Spider:1)
  2 trolls
  A queen bee (Lair:1)
  A hippogriff (D:8)
  Sigmund (D:2)
  5 wraiths
  3 yaks (Lair:1)
  5 tarantellas
  29 redbacks
  3 hungry ghosts
  13 fire bats
  A steam dragon (Volcano)
  A basilisk (Lair:2)
  5 wargs
  Duvessa (D:7)
  4 water moccasins
  21 orc warriors
  2 porcupines
  3 ice beasts
  3 sky beasts
  A necrophage (D:7)
  A phantom (D:4)
  7 ogres
  2 centaurs
  A big kobold (D:9)
  4 crocodiles
  7 bullfrogs
  A gnoll sergeant (Orc:1)
  A wyvern skeleton (D:10)
  Dowan (D:7)
  4 scorpions
  34 killer bees
  2 vampire bats (D:9)
  3 howler monkeys (D:9)
  5 crimson imps
  A quasit (D:7)
  Crazy Yiuf (D:7)
  3 hounds
  7 jellies
  42 orc wizards
  17 orc priests
  10 iguanas
  6 worker ants
  A killer bee zombie (D:7)
  A hound zombie (D:3)
  A worker ant zombie (D:3)
  10 gnolls
  10 adders
  A shadow imp (D:10)
  An ooze (D:5)
  4 worms
  2 dart slugs
  2 leopard geckos
  82 orcs
  3 giant cockroaches
  5 goblins
  9 hobgoblins
  11 jackals
  8 kobolds
  3 quokkas
  A ball python (D:1)
  2 ball python skeletons
  8 bats
  5 frilled lizards
  A leopard gecko zombie (D:3)
  A quokka skeleton (D:4)
  A quokka zombie (D:3)
  7 rats
  5 plants
520 creatures vanquished.

Notes
Turn   | Place    | Note
-------+----------+-------------------------------------------
     0 | D:1      | Drool the Minotaur Berserker began the quest for the Orb.
     0 | D:1      | Reached XP level 1. HP: 19/19 MP: 0/0
    77 | D:1      | Reached XP level 2. HP: 18/27 MP: 1/1
    97 | D:1      | Reached skill level 4 in Axes
   613 | D:1      | Reached XP level 3. HP: 33/33 MP: 2/2
   855 | D:2      | Noticed Sigmund
   862 | D:2      | Killed Sigmund
   862 | D:2      | Reached skill level 5 in Axes
   862 | D:2      | Reached XP level 4. HP: 26/41 MP: 3/3
   862 | D:2      | Reached XP level 5. HP: 30/47 MP: 4/4
   867 | D:2      | Reached ** piety under Trog
  1018 | D:2      | Found a glowing silver altar of Zin.
  1444 | D:3      | Reached XP level 6. HP: 48/55 MP: 5/5
  1524 | D:3      | Reached skill level 5 in Fighting
  1524 | D:3      | Reached skill level 6 in Axes
  1734 | D:3      | Reached *** piety under Trog
  2141 | D:4      | Reached XP level 7. HP: 60/61 MP: 6/6
  2262 | D:4      | Reached skill level 7 in Axes
  2302 | D:4      | Found a staircase to the Ecumenical Temple.
  2890 | Temple   | Entered the Ecumenical Temple
  3019 | D:5      | Entered Level 5 of the Dungeon
  3363 | D:5      | Reached skill level 5 in Armour
  3409 | D:5      | Reached **** piety under Trog
  3730 | D:6      | Reached skill level 8 in Axes
  3730 | D:6      | Reached skill level 5 in Dodging
  3730 | D:6      | Reached XP level 8. HP: 71/71 MP: 7/7
  4334 | D:6      | Found a radiant altar of Vehumet.
  4342 | D:6      | Found a basalt altar of Yredelemnul.
  4345 | D:6      | Found a sacrificial altar of Ru.
  4400 | D:7      | Noticed Joseph
  4423 | D:7      | Killed Joseph
  4423 | D:7      | Reached skill level 9 in Axes
  4423 | D:7      | Reached skill level 1 in Evocations
  4665 | D:7      | Noticed Dowan
  4666 | D:7      | Noticed Duvessa
  4673 | D:7      | Killed Dowan
  4673 | D:7      | Killed Duvessa
  4674 | D:7      | Reached XP level 9. HP: 79/79 MP: 7/9
  4764 | D:7      | Found a stormy altar of Qazlal.
  4834 | D:7      | Found a sparkling altar of Nemelex Xobeh.
  4838 | D:7      | Found a white marble altar of Elyvilon.
  4967 | D:7      | Reached skill level 10 in Axes
  5029 | D:7      | Found a runed door.
  5310 | D:7      | Noticed Crazy Yiuf
  5313 | D:7      | Killed Crazy Yiuf
  6113 | D:9      | Found a shattered altar of Ashenzari.
  6116 | D:9      | Noticed a two-headed ogre
  6126 | D:9      | Killed a two-headed ogre
  6126 | D:9      | Reached skill level 11 in Axes
  6126 | D:9      | Reached XP level 10. HP: 42/90 MP: 11/11
  6484 | D:9      | Noticed grandjackal's ghost (novice DsGl)
  6519 | D:9      | Killed grandjackal's ghost
  6555 | D:9      | Found a staircase to the Orcish Mines.
  6689 | D:9      | Found Vyjaoruh's Jewellery Shop.
  6693 | D:9      | Bought a +3 amulet of reflection for 251 gold pieces
  6751 | D:9      | Noticed a two-headed ogre
  6757 | D:9      | Killed a two-headed ogre
  6757 | D:9      | Reached skill level 12 in Axes
  6830 | D:9      | Noticed Erolcha
  6837 | D:9      | Killed Erolcha
  7110 | D:10     | Entered Level 10 of the Dungeon
  7110 | D:10     | Noticed a two-headed ogre
  7118 | D:10     | Killed a two-headed ogre
  7118 | D:10     | Reached XP level 11. HP: 74/97 MP: 13/13
  7237 | D:10     | Found a staircase to the Lair.
  7238 | D:10     | Noticed a two-headed ogre
  7249 | D:10     | Killed a two-headed ogre
  7249 | D:10     | Reached skill level 5 in Evocations
  7551 | D:10     | Noticed a two-headed ogre
  7551 | D:10     | Noticed a two-headed ogre
  7555 | D:10     | Killed a two-headed ogre
  7555 | D:10     | Reached skill level 13 in Axes
  7558 | D:10     | Killed a two-headed ogre
  7558 | D:10     | Reached skill level 10 in Fighting
  7657 | D:10     | Reached ***** piety under Trog
  7696 | D:10     | Found Toporof's Book Shop.
  8106 | Orc:1    | Entered Level 1 of the Orcish Mines
  8129 | Orc:1    | Noticed an orc knight
  8150 | Orc:1    | Killed an orc knight
  8919 | Orc:1    | Found a runed door.
  9049 | Orc:1    | Received a gift from Trog
  9149 | Orc:1    | Found a roughly hewn altar of Beogh.
  9205 | Orc:2    | Entered Level 2 of the Orcish Mines
  9205 | Orc:2    | Noticed Josephine
  9221 | Orc:2    | Killed Josephine
  9221 | Orc:2    | Reached skill level 10 in Armour
  9359 | Orc:2    | Found Haomu's Weapon Shoppe.
  9373 | Orc:2    | Found a staircase to the Elven Halls.
  9409 | Orc:2    | Found Muirrane's Distillery.
  9419 | Orc:2    | Bought a potion of heal wounds for 90 gold pieces
  9419 | Orc:2    | Bought a potion of curing for 54 gold pieces
  9419 | Orc:2    | Bought a potion of curing for 54 gold pieces
  9421 | Orc:2    | Found Fiuwnapp's Magic Scroll Shop.
  9428 | Orc:2    | Bought a scroll of identify for 28 gold pieces
  9428 | Orc:2    | Bought a scroll of identify for 28 gold pieces
  9428 | Orc:2    | Bought a scroll of identify for 28 gold pieces
  9428 | Orc:2    | Bought a scroll of identify for 28 gold pieces
  9432 | Orc:2    | Reached skill level 14 in Axes
  9432 | Orc:2    | Reached XP level 12. HP: 101/110 MP: 14/16
  9458 | Orc:2    | Reached skill level 10 in Dodging
  9458 | Orc:2    | Reached XP level 13. HP: 97/116 MP: 17/17
  9470 | Orc:2    | Found Iluittil's Jewellery Boutique.
  9696 | Orc:2    | Received a gift from Trog
 10345 | Orc:2    | Got an ancient executioner's axe {god gift}
 10346 | Orc:2    | Identified the +6 executioner's axe of Egomania {distort, Int+2 Dex-4 SInv Stlth+} (Trog gifted it to you on level 2 of the Orcish Mines)
 10440 | Orc:2    | Reached skill level 15 in Axes
 10896 | Orc:2    | Found Xeloriry's Antique Weapon Shop.
 10896 | Orc:2    | Found Jeiskaoh's Assorted Antiques.
 10896 | Orc:2    | Found Fiheh's Food Shop.
 10899 | Orc:2    | Found Cycum's Weapon Boutique.
 11213 | Orc:2    | Bought a scroll labeled LUUT ZUOPSIZAI for 25 gold pieces
 11224 | Orc:2    | Identified a scroll of acquirement
 11225 | Orc:2    | Got a steaming executioner's axe
 11226 | Orc:2    | Identified the +2 executioner's axe of a volcano {chop, MR++ MP+9 Dex+4} (You acquired it on level 2 of the Orcish Mines)
 11394 | Lair:1   | Entered Level 1 of the Lair of Beasts
 11583 | Lair:1   | Found a dark tunnel.
 11596 | Volcano  | Entered a volcano
 12189 | Lair:1   | Received a gift from Trog
 12519 | Lair:2   | Noticed Gastronok
 12524 | Lair:2   | Killed Gastronok
 12524 | Lair:2   | Reached skill level 16 in Axes
 13046 | Lair:2   | Found a hole to the Spider Nest.
 14030 | Spider:1 | Entered Level 1 of the Spider Nest
 14032 | Spider:1 | Noticed an entropy weaver
 14045 | Spider:1 | Killed an entropy weaver
 14045 | Spider:1 | Reached XP level 14. HP: 80/127 MP: 18/18
 14373 | Spider:1 | Noticed an entropy weaver
 14386 | Spider:1 | Killed an entropy weaver
 14424 | Spider:1 | Reached skill level 17 in Axes
 15840 | Spider:2 | Received a gift from Trog
 16274 | Spider:2 | Noticed Arachne
 16280 | Spider:2 | Killed from afar by Arachne

Vault maps used:
D:1:      minmay_arrival_up_and_down
D:2:      zin_treasury, minmay_cupped, uniq_sigmund
D:3:      serial_undead, serial_undead_d, serial_undead_a, serial_undead_d,
          serial_undead_e, hangedman_decor_push
D:4:      minmay_temple_entry_butterflies, first_ration,
          hangedman_abyss_or_decor_passed
D:6:      minmay_overflow_temple_star_quad, kennysheep_generic_room_3
D:7:      grunt_qazlal_sundering, chequers_temple_overflow_statue_of_worship,
          grunt_ministairs_7, uniq_duvessa, uniq_crazy_yiuf_cottage, uniq_joseph
D:9:      lemuel_crystal_altar, erik_orc_4, serial_shops, shop,
          hangedman_fish_farm, amethyst_killhole, roderic_batcave, uniq_erolcha
D:10:     lair_entry_dummy, serial_shops, shop_fountains, serial_bayou_pond_a
Temple:   zaba_magenta_temple
Lair:1:   special_room, nicolae_volcano_entry_batcave, beast_lair_carwin_3,
          minmay_lair_oklob_chamber, grunt_megastairs_2, lemuel_fruit_fields,
          infiniplex_staircase_pool_2
Lair:2:   beast_lair_carwin_large_4, spider_nest_entry_webs, disabler_island,
          uniq_gastronok
Spider:1: spider_trap, nicolae_spider_shape
Spider:2: nicolae_spider_mines_2, uniq_arachne
Orc:1:    lightli_church_of_beogh
Orc:2:    st_orc_mages, serial_shops, shop, shop, shop_statue, shop_fountains,
          special_room, uniq_josephine
Volcano:  volcano_pools

Skill      XL: |  1  2  3  4  5  6  7  8  9 10 11 12 13 14 |
---------------+-------------------------------------------+-----
Axes           | 4 5 6 8 9 11 12 14 16 17 | 17.4
Fighting       | 4 5 6 7 8 9 11 12 13 | 13.2
Armour         | 3 4 5 6 7 8 10 12 | 12.9
Dodging        | 3 4 5 6 7 8 9 10 11 12 | 12.0
Evocations     | 1 3 4 7 |  7.2

Action                   |  1- 3 |  4- 6 |  7- 9 | 10-12 | 13-15 || total
-------------------------+-------+-------+-------+-------+-------++-------
Melee: Hand axe          |    44 |   118 |       |       |       ||   162
       Headbutt          |     7 |    18 |    37 |    65 |    89 ||   216
       War axe           |       |    14 |   224 |    99 |       ||   337
       Battleaxe         |       |       |       |   192 |   143 ||   335
       Executioner's axe |       |       |       |       |   250 ||   250
       Glaive            |       |       |       |       |    14 ||    14
Invok: Berserk           |       |     2 |     5 |     8 |     7 ||    22
       Trog's Hand       |       |     1 |     5 |     8 |     9 ||    23
  Use: Scroll            |       |     4 |     8 |     8 |    21 ||    41
       Potion            |       |       |       |     2 |    10 ||    12
 Stab: Sleeping          |       |     1 |       |       |       ||     1
  Eat: Chunk             |       |     5 |    15 |     9 |    10 ||    39
       Ration            |       |       |     1 |     6 |     6 ||    13
Armor: Animal skin       |     5 |     2 |       |       |       ||     7
       Plate armour      |       |    51 |   135 |   185 |   386 ||   757
Dodge: Dodged            |    38 |    73 |   128 |   179 |   421 ||   839
Block: Other             |       |       |       |    38 |    71 ||   109
       Reflection        |       |       |       |       |     2 ||     2

Table legend:
 A = Spawn XP
 B = Non-spawn XP
 C = Spawn XP percentage of total XP
 D = Spawn monster count
 E = Non-spawn monster count
 F = Spawn count percentage of total count
 G = Total turns spent on level
                    A         B        C        D         E        F      G
               +---------+---------+-------+---------+---------+-------+---------
         Total |       0 |   69331 |   0.0 |       0 |     515 |   0.0 | 16280
               +---------+---------+-------+---------+---------+-------+---------
           D:1 |       0 |      46 |   0.0 |       0 |      21 |   0.0 |   807
           D:2 |       0 |     284 |   0.0 |       0 |      19 |   0.0 |   614
           D:3 |       0 |     391 |   0.0 |       0 |      38 |   0.0 |   687
           D:4 |       0 |     290 |   0.0 |       0 |      20 |   0.0 |   834
           D:5 |       0 |     361 |   0.0 |       0 |      12 |   0.0 |   632
           D:6 |       0 |     665 |   0.0 |       0 |      11 |   0.0 |   730
           D:7 |       0 |    1575 |   0.0 |       0 |      32 |   0.0 |  1003
           D:8 |       0 |     807 |   0.0 |       0 |      11 |   0.0 |   568
           D:9 |       0 |    5895 |   0.0 |       0 |      51 |   0.0 |  1630
          D:10 |       0 |    6274 |   0.0 |       0 |      33 |   0.0 |   988
        Lair:1 |       0 |    6924 |   0.0 |       0 |      45 |   0.0 |   889
        Lair:2 |       0 |    8552 |   0.0 |       0 |      25 |   0.0 |  1511
      Spider:1 |       0 |   14765 |   0.0 |       0 |      38 |   0.0 |  1775
      Spider:2 |       0 |    7014 |   0.0 |       0 |      26 |   0.0 |   475
         Orc:1 |       0 |    3470 |   0.0 |       0 |      48 |   0.0 |  1610
         Orc:2 |       0 |    8439 |   0.0 |       0 |      72 |   0.0 |  1214
       Volcano |       0 |    3579 |   0.0 |       0 |      13 |   0.0 |   236
               +---------+---------+-------+---------+---------+-------+---------
